 Dungeon Crawl Stone Soup version 0.28.0-53-g5a82cb258f (webtiles) character file.

Game seed: 5482120990461410788

65 Plasmagod the Cudgeller (level 4, -1/27 HPs)
             Began as a Gargoyle Gladiator on July 11, 2022.
             Slain by a shadow imp (4 damage)
             ... summoned by Natasha
             ... on level 3 of the Dungeon.
             The game lasted 00:08:11 (1769 turns).

Plasmagod the Cudgeller (Gargoyle Gladiator)        Turns: 1769, Time: 00:08:15

Health: -1/27      AC:  7    Str: 20    XL:     4   Next: 13%
Magic:  0/4        EV: 11    Int:  8    God:
Gold:   93         SH:  3    Dex: 11    Spells: 3/3 levels left

rFire   . . .      SeeInvis .   a - +0 flail
rCold   . . .      Faith    .   k - +0 buckler
rNeg    + . .      Spirit   +   b - +0 leather armour
rPois   ∞          Reflect  .   c - +0 helmet
rElec   +          Harm     .   (no cloak)
rCorr   .          Rampage  .   (no gloves)
Will    .....                   (no boots)
Stlth   +.........              j - amulet of guardian spirit
HPRegen 0.09/turn               (no ring)
MPRegen 0.09/turn               (no ring)

@: slowed, very slow
A: sickness immunity, AC +3, negative energy resistance 1, electricity
resistance, torment resistance 1, petrification resistance
a: no special abilities


You were on level 3 of the Dungeon.
You visited 1 branch of the dungeon, and saw 3 of its levels.

You collected 93 gold pieces.

Inventory:

Hand Weapons
 a - a +0 flail (weapon)
Missiles
 d - 3 throwing nets (quivered)
 f - 3 javelins
Armour
 b - a +0 leather armour (worn)
 c - a +0 helmet (worn)
 k - a +0 buckler (worn)
Jewellery
 j - an amulet of guardian spirit (around neck)
Scrolls
 e - a scroll of enchant armour {unknown}
 h - a scroll of fog {unknown}
 i - 3 scrolls of identify {unknown}


   Skills:
 + Level 2.5 Fighting
 + Level 3.6 Maces & Flails
 + Level 1.8 Throwing
 + Level 0.8 Armour
 + Level 3.2 Dodging
 + Level 0.4 Stealth


You had 3 spell levels left.
You didn't know any spells.
Your spell library was empty.

Dungeon Overview and Level Annotations

Branches:
Dungeon (3/15)

Altars:

Annotations:
D:2 Sigmund
D:3 Natasha


Innate Abilities, Weirdness & Mutations

You are immune to sickness and miasma.
Your stone body is resilient. (AC +3)
You are immune to poison.
You resist negative energy. (rN+)
You are resistant to electric shocks. (rElec)
You are resistant to unholy torment.
You are immune to petrification.


Message History

Natasha shimmers violently.
Natasha closely misses you. The shadow imp barely misses you.
You hit Natasha.
Natasha is moderately wounded.
Natasha claws you but does no damage. You block the shadow imp's attack.
Natasha barely misses you.
You closely miss Natasha.
Natasha is moderately wounded.
The shadow imp hits you but does no damage.
Natasha barely misses you.
You closely miss Natasha.
Natasha is moderately wounded.
The shadow imp hits you. Natasha closely misses you.
The shadow imp barely misses you.
You closely miss Natasha.
Natasha is moderately wounded.
The crimson imp disappears in a puff of smoke!
Natasha casts a spell at you.
You feel yourself slow down. The shadow imp barely misses you.
You hit Natasha.
Natasha is severely wounded.
Natasha stares at you and mumbles some strange words.
You resist with some effort. The shadow imp closely misses you.
Natasha mumbles some strange words.
You feel troubled.
Natasha stares at you and mumbles some strange words.
The magic dart hits you.
* * * LOW HITPOINT WARNING * * *
The shadow imp gestures at you.
You barely resist.
Press: ? - help, v - describe, . - travel
Here: an iron imp (summoned)
The floor.
You hit Natasha.
Natasha is severely wounded.
Natasha casts a spell at you. The magic dart hits you.
* * * LOW HITPOINT WARNING * * *
The shadow imp hits you.
You die...

###########
#..5h@5...#
.......#####.#
### .....#.
#.#####.##
###. ..
#......#.# #.
... #######.##
.. .... #...#
# ..... #...#
##.... #...#
###.#


You could see an iron imp (summoned), Natasha and a shadow imp (summoned).

Vanquished Creatures
  Robin (D:2)
  A worm (D:3)
  7 ball pythons
  2 endoplasms (D:1)
  5 giant cockroaches
  8 goblins
  3 hobgoblins
  4 jackals (D:2)
  6 bats
  3 frilled lizards
  3 kobolds
  5 rats
48 creatures vanquished.

Vanquished Creatures (others)
  A plant (D:3)
1 creature vanquished.

Grand Total: 49 creatures vanquished

Notes
Turn   | Place    | Note
-------+----------+-------------------------------------------
     0 | D:1      | Plasmagod the Gargoyle Gladiator began the quest for the
                  | Orb.
     0 | D:1      | Reached XP level 1. HP: 12/12 MP: 1/1
   317 | D:1      | Reached XP level 2. HP: 16/17 MP: 2/2
   847 | D:1      | Found a faded altar of an unknown god.
  1016 | D:2      | Noticed Sigmund
  1073 | D:2      | Reached XP level 3. HP: 19/22 MP: 3/3
  1210 | D:2      | Noticed Robin
  1294 | D:2      | Killed Robin
  1295 | D:2      | Reached XP level 4. HP: 14/27 MP: 2/4
  1297 | D:2      | HP: 1/27 [goblin/+0 dagger[Robin] (4)]
  1747 | D:3      | Noticed Natasha
  1769 | D:3      | Slain by a shadow imp

Illustrated notes

Levels and vault maps discovered:
D:1:      minmay_arrival_split_and_join, layout_rooms,
          ebering_ecumenical_altar_mist, minivault_26, minmay_misc_feat_ornament
D:2:      layout_rooms, uniq_terence, uniq_robin, uniq_sigmund
D:3:      layout_loops_ring, fountainhead, nrook_mini_vaults,
          serial_bayou_pond_a, minmay_lizard_king, uniq_natasha

Skill      XL: |  1  2  3 |
---------------+----------+-----
Dodging        | 3 |  3.2
Fighting       | |  2.5
Maces & Flails | |  3.6
Throwing       | |  1.8
Armour         | |  0.8
Stealth        | |  0.4

Action                   |  1- 3 |  4- 6 || total
-------------------------+-------+-------++-------
Melee: Flail             |   140 |    31 ||   171
       Punch             |     1 |       ||     1
  Use: Potion            |     1 |       ||     1
       Scroll            |       |     1 ||     1
Armor: Leather armour    |    81 |    14 ||    95
Dodge: Dodged            |   148 |    34 ||   182
Block: Buckler           |     1 |     5 ||     6
